 Dungeon Crawl Stone Soup version 0.27-a0-198-g1307ea1511 (webtiles) character file.

Game seed: 6396383561436576221

292912 KristoblXynda the Spry (level 20, -5/158 HPs)
             Began as a Vampire Berserker on Jan 28, 2021.
             Was the Champion of Trog.
             Splashed by a caustic shrike's acid (7 damage)
             ... on level 3 of the Depths on Jan 29, 2021.
             The game lasted 01:31:17 (42700 turns).

KristoblXynda the Spry (Vampire Berserker)         Turns: 42700, Time: 01:31:18

Health: -5/158     AC: 26    Str: 26    XL:     20   Next: 0%
Magic:  0/20       EV: 24    Int: 13    God:    Trog [******]
Gold:   669        SH: 20    Dex: 22    Spells: 19/19 levels left

rFire    . . .     SeeInvis +   m - +6 demon blade (flame)
rCold    + . .     Faith    .   j - +5 buckler "Qimpofa" {rN+ Str+3 Int-3}
rNeg     + . .     Spirit   +   w - +8 chain mail of Insurance {rC+ Slay+3}
rPois    .         Reflect  .   t - +2 hat {Will+}
rElec    +         Harm     .   g - +2 cloak
rCorr    .         Rampage  .   q - +2 pair of gloves of the Swamp {Dex+3 Stlth+}
Will     +++++                  k - +2 pair of boots
Stlth    ++++......             u - brooch of Shielding {Spirit SH+8}
HPRegen  1.56/turn              W - ring "Qif Koy" {*Corrode rElec Will+ Int+3 Dex+2}
MPRegen  0.17/turn              V - ring "Lunah" {Str+5 Stlth+}

@: about to teleport, corroded, berserk cooldown, regenerating, studying 2
skills
A: fangs 3, see invisible, unbreathing
}: 2/15 runes: serpentine, barnacled
a: Exsanguinate, Renounce Religion, Berserk, Trog's Hand, Brothers in Arms


You were on level 3 of the Depths.
You worshipped Trog.
Trog was exalted by your worship.
You visited 7 branches of the dungeon, and saw 35 of its levels.
You also visited: Volcano.

You collected 3520 gold pieces.
You spent 2851 gold pieces at shops.

Inventory:

Hand Weapons
 m - a +6 demon blade of flaming (weapon)
 U - a +4 vorpal double sword
Armour
 g - a +2 cloak (worn)
 j - the +5 buckler "Qimpofa" (worn) {rN+ Str+3 Int-3}
   (You found it on level 9 of the Dungeon)

   It affects your strength (+3).
   It affects your intelligence (-3).
   It protects you from negative energy.
 k - a +2 pair of boots (worn)
 q - the +2 pair of gloves of the Swamp (worn) {Dex+3 Stlth+}
   (You found it on level 1 of the Lair of Beasts)

   It affects your dexterity (+3).
   It makes you more stealthy.
 t - a +2 hat of willpower (worn)
 w - the +8 chain mail of Insurance (worn) {rC+ Slay+3}
   (You found it on level 4 of the Shoals)

   It affects your accuracy and damage with ranged weapons and melee attacks
   (+3).
   It protects you from cold.
 O - the +11 chain mail of Dice, Bag, and Bottle {rN+ Dex+3}
   (You found it on level 3 of the Shoals)

   It affects your dexterity (+3).
   It protects you from negative energy.
Jewellery
 u - the brooch of Shielding (around neck) {Spirit SH+8}
   (You bought it in a shop on level 2 of the Orcish Mines)

   [amulet of guardian spirit]

   It causes incoming damage to be split between your health and magic.
   It affects your SH (+8).
 V - the ring "Lunah" (right hand) {Str+5 Stlth+}
   (You bought it in a shop on level 3 of the Snake Pit)

   [ring of stealth]

   It affects your strength (+5).
   It makes you more stealthy.
 W - the ring "Qif Koy" (left hand) {*Corrode rElec Will+ Int+3 Dex+2}
   (You bought it in a shop on level 3 of the Snake Pit)

   [ring of willpower]

   It affects your intelligence (+3).
   It affects your dexterity (+2).
   It insulates you from electricity.
   It affects your willpower, your defense against some magical effects.
   It may corrode you when you take damage.
Wands
 d - a wand of mindburst (20)
 e - a wand of digging (16)
 y - a wand of iceblast (12)
 G - a wand of acid (6)
 P - a wand of paralysis (19)
Scrolls
 c - 18 scrolls of remove curse
 f - 2 scrolls of acquirement
 h - 6 scrolls of teleportation
 s - 2 scrolls of immolation
 z - 5 scrolls of identify
 H - 3 scrolls of fog
 K - a scroll of magic mapping
 L - 3 scrolls of amnesia
 N - 2 scrolls of blinking
 R - a scroll of enchant armour
Potions
 a - 10 potions of curing
 i - 4 potions of cancellation
 n - 6 potions of flight
 o - 5 potions of magic
 p - 4 potions of attraction
 r - 5 potions of mutation
 v - a potion of might
 x - a potion of ambrosia
 C - 2 potions of haste
 I - a potion of invisibility
 J - 2 potions of resistance
Books
 A - a manual of Shields
 D - a manual of Fighting
Miscellaneous
 F - a phial of floods
 S - a tin of tremorstones (2/2)


   Skills:
 + Level 13.9 Fighting
 + Level 18.4 Long Blades
 - Level 15.0 Armour
 + Level 19.4 Dodging
 - Level 12.0 Stealth
 + Level 9.5 Shields
 - Level 5.0 Evocations


You had 19 spell levels left.
You didn't know any spells.
Your spell library contained the following spells:

 Spells                   Type           Power        Failure   Level
 Freeze                   Ice            0%           75%         1
 Magic Dart               Conj           0%           75%         1
 Shock                    Conj/Air       0%           75%         1
 Summon Small Mammal      Summ           0%           75%         1
 Blink                    Tloc           N/A          87%         2
 Call Imp                 Summ           0%           87%         2
 Ensorcelled Hibernation  Hex/Ice        0%           87%         2
 Searing Ray              Conj           0%           87%         2
 Slow                     Hex            0%           87%         2
 Swiftness                Air            0%           87%         2
 Call Canine Familiar     Summ           0%           98%         3
 Confusing Touch          Hex            0%           98%         3
 Conjure Flame            Conj/Fire      0%           98%         3
 Dazzling Flash           Conj/Hex       0%           98%         3
 Frozen Ramparts          Ice            0%           98%         3
 Gell's Gravitas          Tloc           0%           98%         3
 Ignite Poison            Fire/Tmut/Pois 0%           98%         3
 Mephitic Cloud           Conj/Pois/Air  0%           98%         3
 Ozocubu's Armour         Ice            0%           98%         3
 Spider Form              Tmut/Pois      0%           98%         3
 Static Discharge         Conj/Air       0%           98%         3
 Summon Guardian Golem    Hex/Summ       0%           98%         3
 Airstrike                Air            0%           100%        4
 Fulminant Prism          Conj/Hex       0%           100%        4
 Hailstorm                Conj/Ice       0%           100%        4
 Ice Form                 Ice/Tmut       0%           100%        4
 Iskenderun's Mystic Bla  Conj/Tloc      0%           100%        4
 Petrify                  Tmut/Erth      0%           100%        4
 Summon Ice Beast         Ice/Summ       0%           100%        4
 Summon Lightning Spire   Summ/Air       0%           100%        4
 Borgnjor's Vile Clutch   Necr/Erth      0%           100%        5
 Fireball                 Conj/Fire      0%           100%        5
 Lightning Bolt           Conj/Air       0%           100%        5
 Metabolic Englaciation   Hex/Ice        0%           100%        5
 Silence                  Hex/Air        0%           100%        5
 Yara's Violent Unravell  Hex/Tmut       0%           100%        5
 Conjure Ball Lightning   Conj/Air       0%           100%        6
 Eringya's Noxious Bog    Tmut/Pois      0%           100%        6
 Freezing Cloud           Conj/Ice/Air   0%           100%        6
 Shadow Creatures         Summ           N/A          100%        6
 Simulacrum               Ice/Necr       0%           100%        6
 Starburst                Conj/Fire      0%           100%        6
 Haunt                    Necr/Summ      0%           100%        7
 Malign Gateway           Summ/Tloc      0%           100%        7
 Monstrous Menagerie      Summ           0%           100%        7
 Ozocubu's Refrigeration  Ice            0%           100%        7
 Summon Hydra             Summ           0%           100%        7
 Ignition                 Fire           0%           100%        8
 Summon Horrible Things   Summ           0%           100%        8
 Tornado                  Air            0%           100%        9


Dungeon Overview and Level Annotations

Branches:
Dungeon (15/15)            Temple (1/1) D:6            Lair (6/6) D:10
 Shoals (4/4) Lair:4        Snake (4/4) Lair:4        Slime (0/5) Lair:6
    Orc (2/2) D:10            Elf (0/3) Orc:2        Vaults (0/5) D:13
 Depths (3/5) D:15        Volcano (visited)

Altars:
Ashenzari
Cheibriados
Dithmenos
Elyvilon
Fedhas
Gozag
Hepliaklqana
Kikubaaqudgha
Makhleb
Nemelex Xobeh
Okawaru
Qazlal
Ru
Sif Muna
Trog
Uskayaw
Vehumet
Wu Jian
Xom
Yredelemnul
Zin
The Shining One
Beogh

Shops:
D:11 =   D:14 *   Orc:1 [   Orc:2 }=(!!   Shoals:2 [   Snake:3 =}=   Snake:4 :

Portals:
Hell: Depths:1 Depths:2 Depths:3
Abyss: Depths:1 Depths:3
Pandemonium: Depths:3
Ziggurat: Depths:3
Bazaar: Depths:2

Annotations:
D:8 3 runed translucent doors
Lair:5 exclusion: 3 oklob plants
Depths:2 Jagh's ghost, adept PaDe


Innate Abilities, Weirdness & Mutations

Your natural rate of healing is unusually fast.
You have razor-sharp teeth.
You have supernaturally acute eyesight. (SInv)
You can survive without breathing.


Message History

You are splashed with acid.
* * * LOW HITPOINT WARNING * * *
Okay, then.
As you read the scroll of fear, it crumbles to dust.
You assume a fearsome visage.
The deep troll earth mage looks frightened!
The deep troll looks frightened! x3
The deep troll resists with some effort.
The caustic shrike looks frightened!
The caustic shrike resists with almost no effort.
The caustic shrike resists with some effort.
The floating eye looks frightened!
The fire giant resists with some effort.
The tengu reaver looks frightened!
The spriggan rider resists with almost no effort.
The caustic shrike completely misses you.
The caustic shrike claws you!
* * * LOW HITPOINT WARNING * * *
The acid corrodes you!
You are splashed with acid!
You die...

##### ## #...# ###...
♣♣♣♣♣♣ #.#.# ###.bTT..
♣≈≈P≈♣♣ ♣.#.###.b.Q.TT.
P≈≈≈≈≈♣♣♣♣.#.##(@bTGC.§'
≈≈≈≈≈≈≈≈♣♣.#.###+##i####
≈≈≈≈≈≈≈≈P♣.#.# ####
≈≈≈≈≈≈≈≈≈♣.#.# +..#####
≈≈≈≈≈≈≈≈≈♣.#.#
##..(...###
≈≈≈≈≈≈≈≈≈♣.#.#
+#.......'.##
≈≈≈≈≈≈≈≈≈..#.#
#.......##..#
≈≈≈≈≈≈≈≈≈.##.#
#####.[..##.../
≈≈≈≈≈≈≈≈≈.#..#
##...###†'#.....


You could see 3 caustic shrikes, a fire giant, a tengu reaver (fleeing), a
spriggan rider, 4 deep trolls, a deep troll earth mage (fleeing) and a floating
eye (charged, fleeing).

Vanquished Creatures
  Vashnia (Snake:4)
  Margery (D:15)
  A golden dragon (Depths:3)
  2 titans (Depths:2)
  Gastronok (Orc:1)
  Agnes (D:15)
  2 sphinxes (Depths:3)
  2 shadow dragons (Depths:2)
  2 storm dragons
  An orc warlord (Orc:2)
  An iron dragon (Depths:3)
  7 nagarajas
  2 frost giants (Depths:2)
  Aizul (Snake:2)
  A reaper (Depths:2)
  2 spriggan defenders (Depths:3)
  4 very ugly things
  4 stone giants
  3 vampire knights (Depths:2)
  A dire elephant (D:15)
  2 spark wasps (Depths:3)
  3 merfolk javelineers
  A green death (Depths:2)
  7 fire dragons
  9 merfolk impalers
  3 ettins
  A yaktaur captain (Depths:1)
  2 great orbs of eyes
  Josephine (D:15)
  Harold (Orc:2)
  5 rakshasas
  Fannar (Orc:1)
  14 naga warriors
  2 ice dragons (Depths:3)
  Erica (D:10)
  4 boulder beetles
  5 merfolk aquamancers (Shoals:4)
  5 merfolk avatars
  6 anacondas
  2 spriggan air magi (Depths:3)
  6 hydras
  29 two-headed ogres
  3 centaur warriors
  2 dancing weapons (D:13)
  9 death yaks
  16 naga sharpshooters
  2 deep troll shamans
  A deep troll earth mage (D:15)
  2 orc high priests (Orc:1)
  A vampire mage (D:15)
  6 tengu warriors
  8 ogre magi
  4 shock serpents
  4 spriggan berserkers
  Urug (Lair:3)
  7 hell knights
  A soul eater (Depths:2)
  2 spriggans (Depths:3)
  6 salamander mystics
  A shadow wraith (Depths:2)
  2 iron trolls
  A goliath frog (Depths:2)
  13 sea snakes
  2 wizards
  2 unseen horrors
  A sixfirhy (Depths:2)
  12 naga ritualists
  2 flayed ghosts
  7 deep trolls
  3 necromancers
  11 harpies
  2 phantasmal warriors (Depths:2)
  A large abomination (Depths:2)
  4 deep elf pyromancers
  5 cyclopes
  3 orc sorcerers
  2 orc knights (Orc:2)
  5 mana vipers
  17 manticores
  5 fauns (Shoals:1)
  2 wolf spiders
  A wolf spider zombie (D:15)
  21 salamanders
  A frost giant zombie (Depths:1)
  2 oklob plants
  9 ugly things
  2 centaur zombies (D:12)
  10 merfolk sirens
  2 black mambas (shapeshifter)
  3 elephants (Lair:6)
  2 torpor snails
  30 black mambas
  An ice statue (Shoals:3)
  2 guardian serpents
  26 naga magi
  2 gargoyles
  3 centaur skeletons
  A water nymph (Shoals:2)
  11 cane toads
  12 komodo dragons
  A hellion (Depths:3)
  12 rime drakes
  A demonic crawler (Depths:2)
  5 yaktaurs
  A red devil (Depths:3)
  3 tengu conjurers
  11 trolls
  8 polar bears
  21 merfolk
  14 wind drakes
  9 hornets
  6 meliai
  6 blink frogs
  14 slime creatures
  Prince Ribbit (D:6)
  A meliai zombie (D:14)
  A raiju (shapeshifter) (Depths:3)
  14 dream sheep
  A fire giant simulacrum (Depths:1)
  8 snapping turtles
  A fire dragon skeleton (Depths:1)
  An elf zombie (Depths:1)
  9 wraiths
  34 yaks
  11 water elementals
  A shadow (D:14)
  8 wyverns
  Grum (D:10)
  7 fire bats (Volcano)
  3 steam dragons (Shoals:2)
  5 basilisks
  A fire elemental (D:13)
  8 vampire mosquitoes
  A chaos spawn (Depths:2)
  A spriggan simulacrum (Depths:1)
  45 nagas
  A soldier ant (D:15)
  3 wargs
  2 hell hounds (Depths:3)
  16 water moccasins
  25 orc warriors
  An ice beast (D:14)
  4 sky beasts
  A hornet zombie (D:15)
  10 black bears
  An eye of draining (shapeshifter) (Depths:1)
  32 ogres
  14 wolves
  8 boggarts
  4 phantoms
  An eye of draining (D:10)
  A small abomination (Depths:2)
  11 centaurs
  2 big kobolds
  A big kobold (shapeshifter) (Depths:2)
  A gnoll sergeant (D:11)
  31 bullfrogs
  5 scorpions
  A wyvern skeleton (D:11)
  16 wights
  11 killer bees
  An electric eel (Lair:5)
  4 howler monkeys
  2 vampire bats (Lair:1)
  2 bullfrog zombies
  18 lava snakes
  3 quasits
  6 hounds
  A gnoll shaman (Orc:2)
  5 jellies
  14 orc priests
  3 bullfrog skeletons
  3 iguanas
  Terence (D:3)
  A hell rat (Depths:2)
  19 orc wizards
  18 worker ants
  2 hound skeletons
  A howler monkey zombie (D:7)
  A worker ant zombie (D:11)
  10 adders
  8 gnolls
  A howler monkey skeleton (D:10)
  A shadow imp (D:8)
  4 white imps
  2 ufetubi (D:8)
  An ooze (D:6)
  4 worms
  A dart slug (D:2)
  6 leopard geckos
  44 orcs
  2 ball pythons (D:6)
  11 bats
  6 giant cockroaches
  4 hobgoblins
  17 jackals
  13 kobolds
  5 quokkas
  7 frilled lizards
  6 goblins
  A leopard gecko skeleton (D:5)
  3 rats
1209 creatures vanquished.

Vanquished Creatures (collateral kills)
  The ghost of PirateVox the Covert, a journeyman KoAK of Lugonu (Lair:5)
  A torpor snail (Lair:5)
2 creatures vanquished.

Vanquished Creatures (others)
  A naga sharpshooter (Snake:4)
  A harpy (Shoals:4)
  A water elemental (Shoals:3)
  2 centaurs (Depths:3)
  An orc priest (Orc:2)
  2 orc wizards
  An orc (Orc:1)
  30 fungi
  106 plants
145 creatures vanquished.

Grand Total: 1356 creatures vanquished

Notes
Turn   | Place    | Note
-------+----------+-------------------------------------------
     0 | D:1      | KristoblXynda the Vampire Berserker began the quest for the
                  | Orb.
     0 | D:1      | Reached XP level 1. HP: 17/17 MP: 1/1
   262 | D:1      | Reached XP level 2. HP: 23/23 MP: 2/2
  1002 | D:2      | Found a shimmering blue altar of Sif Muna.
  1077 | D:2      | Reached ** piety under Trog
  1078 | D:2      | Reached XP level 3. HP: 27/29 MP: 3/3
  1247 | D:2      | Found a faded altar of an unknown god.
  1551 | D:3      | Reached skill level 1 in Stealth
  1559 | D:3      | Reached skill level 3 in Dodging
  1559 | D:3      | Reached XP level 4. HP: 23/35 MP: 4/4
  1580 | D:3      | Reached XP level 5. HP: 41/41 MP: 5/5
  1787 | D:3      | Noticed Terence
  1793 | D:3      | Killed Terence
  2418 | D:4      | Noticed a phantom
  2432 | D:4      | Killed a phantom
  2433 | D:4      | Reached XP level 6. HP: 47/47 MP: 6/6
  2672 | D:4      | Reached skill level 4 in Dodging
  2942 | D:4      | Reached skill level 5 in Stealth
  3218 | D:4      | Reached XP level 7. HP: 52/52 MP: 7/7
  3724 | D:5      | Entered Level 5 of the Dungeon
  4087 | D:5      | Reached skill level 5 in Long Blades
  4602 | D:6      | Found a staircase to the Ecumenical Temple.
  4635 | Temple   | Entered the Ecumenical Temple
  4951 | D:6      | Reached skill level 5 in Dodging
  4958 | D:6      | Reached *** piety under Trog
  5065 | D:6      | Noticed Prince Ribbit
  5087 | D:6      | Killed Prince Ribbit
  5088 | D:6      | Reached XP level 8. HP: 38/58 MP: 8/8
  5635 | D:7      | Reached skill level 6 in Dodging
  5776 | D:7      | Noticed a hornet
  5781 | D:7      | Killed a hornet
  5872 | D:7      | Reached skill level 5 in Armour
  6049 | D:7      | Reached XP level 9. HP: 56/67 MP: 9/9
  6391 | D:8      | Got a faintly glowing scale mail
  6402 | D:8      | Identified the +1 scale mail "Sothroaca" {Will+} (You found
                  | it on level 8 of the Dungeon)
  6455 | D:8      | Reached **** piety under Trog
  6456 | D:8      | Reached skill level 5 in Fighting
  6461 | D:8      | Reached skill level 7 in Dodging
  6696 | D:8      | Found a runed translucent gate.
  6696 | D:8      | Found a runed translucent gate.
  6696 | D:8      | Found a runed translucent gate.
  6696 | D:8      | Noticed a red ugly thing
  6696 | D:8      | Noticed a brown ugly thing
  6696 | D:8      | Noticed a cyan ugly thing
  6698 | D:8      | Noticed a cyan ugly thing
  6714 | D:8      | Noticed a brown ugly thing
  7467 | D:8      | Found a shimmering altar of Xom.
  7929 | D:9      | Noticed a troll
  7936 | D:9      | Killed a troll
  7937 | D:9      | Reached skill level 8 in Dodging
  8069 | D:9      | Got a transparent buckler
  8132 | D:9      | Found a bloodstained altar of Trog.
  8363 | D:9      | Reached XP level 10. HP: 76/76 MP: 10/10
  8484 | D:9      | Reached skill level 1 in Shields
  8605 | D:10     | Entered Level 10 of the Dungeon
  8611 | D:10     | Noticed Erica
  8622 | D:10     | Killed Erica
  8673 | D:10     | Found a staircase to the Orcish Mines.
  8735 | D:10     | Reached skill level 9 in Dodging
  8772 | D:10     | Reached ***** piety under Trog
  8782 | D:10     | Identified the +5 buckler "Qimpofa" {rN+ Str+3 Int-3} (You
                  | found it on level 9 of the Dungeon)
  8831 | D:10     | Found a blossoming altar of Fedhas.
  8941 | D:10     | Noticed Grum
  8977 | D:10     | Killed Grum
  9321 | D:10     | Found a staircase to the Lair.
  9331 | D:10     | Found an ornate altar of the Wu Jian Council.
  9450 | Orc:1    | Entered Level 1 of the Orcish Mines
  9450 | Orc:1    | Found Gymyadui's Antique Armour Shoppe.
  9459 | Orc:1    | Bought a glowing helmet for 270 gold pieces
  9565 | D:11     | Noticed a wizard
  9572 | D:11     | Killed a wizard
  9573 | D:11     | Reached XP level 11. HP: 79/81 MP: 11/11
  9709 | D:11     | Noticed an ogre mage
  9709 | D:11     | Noticed a boulder beetle
  9715 | D:11     | Noticed a deep elf mage
  9716 | D:11     | Killed an ogre mage
  9717 | D:11     | Reached skill level 10 in Dodging
  9721 | D:11     | Killed a boulder beetle
  9723 | D:11     | Killed a deep elf mage
 10080 | D:11     | Found Itoank's Jewellery Shop.
 10088 | D:11     | Bought a cursed -4 ring of slaying for 34 gold pieces
 10321 | D:11     | Reached skill level 10 in Long Blades
 10341 | D:11     | Noticed a two-headed ogre
 10351 | D:11     | Killed a two-headed ogre
 10821 | D:12     | Noticed an ogre mage
 10972 | D:12     | Noticed a five-headed hydra
 10984 | D:12     | Killed a one-headed hydra
 10985 | D:12     | Reached skill level 11 in Dodging
 11321 | D:12     | Noticed a two-headed ogre
 11342 | D:12     | Killed a two-headed ogre
 11461 | D:12     | Killed an ogre mage
 11462 | D:12     | Reached XP level 12. HP: 88/88 MP: 12/12
 11464 | D:12     | Noticed a two-headed ogre
 11471 | D:12     | Killed a two-headed ogre
 11566 | D:12     | Received a gift from Trog
 11935 | D:13     | Noticed a boulder beetle
 11962 | D:13     | Killed a boulder beetle
 11996 | D:13     | HP: 4/88 [bullfrog (5)]
 12253 | D:13     | Reached skill level 12 in Dodging
 12501 | D:13     | Found a gate to the Vaults.
 12590 | D:13     | Noticed a two-headed ogre
 12600 | D:13     | Killed a two-headed ogre
 12601 | D:13     | Reached skill level 10 in Stealth
 12999 | D:14     | Noticed a boulder beetle
 13032 | D:14     | Killed a boulder beetle
 13369 | D:14     | Reached XP level 13. HP: 93/93 MP: 13/13
 13407 | D:14     | Reached skill level 1 in Evocations
 13484 | D:14     | Found Ytrien's Demolitions Depot.
 13673 | D:15     | Entered Level 15 of the Dungeon
 13691 | D:15     | Reached skill level 10 in Armour
 14071 | D:15     | Noticed Agnes
 14210 | D:15     | Noticed a dire elephant
 14472 | Lair:1   | Entered Level 1 of the Lair of Beasts
 14501 | Lair:1   | Received a gift from Trog
 14535 | Lair:1   | Reached skill level 13 in Dodging
 14715 | Lair:1   | Found a dark tunnel.
 14810 | Volcano  | Entered a volcano
 15320 | Volcano  | Found a bloodstained altar of Trog.
 15636 | Lair:1   | Got a pair of faintly glowing gloves
 15647 | Lair:1   | Identified the +2 pair of gloves of the Swamp {Dex+3
                  | Stlth+} (You found it on level 1 of the Lair of Beasts)
 16256 | Lair:3   | Noticed Urug
 16268 | Lair:3   | Killed Urug
 16269 | Lair:3   | Reached skill level 5 in Evocations
 16269 | Lair:3   | Reached XP level 14. HP: 100/100 MP: 14/14
 16861 | Lair:3   | Received a gift from Trog
 17370 | Lair:4   | Found a staircase to the Shoals.
 17584 | Lair:4   | Found a staircase to the Snake Pit.
 18445 | Lair:5   | Reached skill level 14 in Dodging
 18780 | Lair:5   | Found a runed translucent gate.
 18786 | Lair:5   | Found a runed translucent gate.
 18787 | Lair:5   | Found a runed translucent gate.
 18791 | Lair:5   | Noticed PirateVox's ghost (journeyman KoAK)
 19312 | Lair:5   | Killed PirateVox's ghost
 20257 | Lair:5   | Got a translucent scimitar
 20258 | Lair:5   | Identified the cursed +2 scimitar "Cessiqeg" {elec, rElec
                  | rC- Str+4 Stlth+} (You found it on level 5 of the Lair of
                  | Beasts)
 20293 | Lair:6   | Entered Level 6 of the Lair of Beasts
 20748 | Lair:6   | Got a masterwork scale mail
 20814 | Lair:6   | Identified the +3 scale mail of Least Resistance {rC+
                  | Int+3} (You found it on level 6 of the Lair of Beasts)
 21107 | Lair:6   | Received a gift from Trog
 21237 | Lair:6   | Found a staircase to the Slime Pits.
 21452 | Lair:6   | Reached XP level 15. HP: 110/110 MP: 15/15
 22070 | Lair:6   | Got a fine plate armour
 22100 | Lair:6   | Identified the +8 plate armour "Nopleel" {+Blink +Inv rElec
                  | Str-3} (You found it on level 6 of the Lair of Beasts)
 22647 | D:15     | Killed Agnes
 22809 | D:15     | Noticed Josephine
 22819 | D:15     | Killed Josephine
 22994 | D:15     | Reached skill level 15 in Dodging
 22995 | D:15     | Found a staircase to the Depths.
 23160 | D:15     | Found a sparkling altar of Nemelex Xobeh.
 23809 | Orc:1    | Noticed Gastronok
 23826 | Orc:1    | Killed Gastronok
 23948 | Orc:2    | Entered Level 2 of the Orcish Mines
 23951 | Orc:2    | Received a gift from Trog
 24580 | Orc:2    | Found a staircase to the Elven Halls.
 24731 | Orc:2    | Found Ugeta's Jewellery Emporium.
 24731 | Orc:2    | Found Deqystua's Distillery.
 24732 | Orc:2    | Found Jisirir's Gadget Boutique.
 24732 | Orc:2    | Found Puomup's Antique Weapon Emporium.
 24781 | Orc:2    | Bought the brooch of Shielding {Spirit SH+8} for 653 gold
                  | pieces
 24781 | Orc:2    | Found the brooch of Shielding {Spirit SH+8}
 24781 | Orc:2    | Bought a cursed -4 ring of dexterity for 22 gold pieces
 24793 | Orc:2    | Bought an uncursed ring of poison resistance for 220 gold
                  | pieces
 24863 | Orc:2    | Found Jutahueme's Distillery.
 25060 | Orc:1    | Noticed Fannar
 25094 | Orc:1    | Killed Fannar
 25541 | Orc:1    | Noticed an orc warlord
 25544 | Orc:1    | Noticed Harold
 25824 | Orc:2    | Killed an orc warlord
 25825 | Orc:2    | Reached XP level 16. HP: 122/122 MP: 13/16
 25873 | Orc:2    | Reached ****** piety under Trog
 25890 | Orc:2    | Killed Harold
 26133 | Orc:1    | Found a roughly hewn altar of Beogh.
 26458 | Shoals:1 | Entered Level 1 of the Shoals
 26704 | Shoals:1 | Reached skill level 10 in Fighting
 26954 | Shoals:1 | Reached skill level 16 in Dodging
 27015 | Shoals:1 | Reached skill level 15 in Long Blades
 27751 | Shoals:2 | Received a gift from Trog
 27829 | Shoals:2 | You fall into a shaft and drop 1 floor!
 27878 | Shoals:3 | Got a distressingly furry chain mail
 27889 | Shoals:3 | Identified the +11 chain mail of Dice, Bag, and Bottle {rN+
                  | Dex+3} (You found it on level 3 of the Shoals)
 27889 | Shoals:3 | Upgraded the game from 0.27-a0-169-gd3d0dda1a4 to
                  | 0.27-a0-198-g1307ea1511
 28634 | Shoals:2 | Found Doleeh's Antique Armour Emporium.
 28651 | Shoals:2 | Bought a shiny helmet for 232 gold pieces
 29231 | Shoals:4 | Entered Level 4 of the Shoals
 29251 | Shoals:4 | Got an ichor-stained chain mail
 29289 | Shoals:4 | Identified the +8 chain mail of Insurance {rC+ Slay+3} (You
                  | found it on level 4 of the Shoals)
 29553 | Shoals:4 | Got a pitted arbalest
 29850 | Shoals:4 | Received a gift from Trog
 29997 | Shoals:4 | Identified the Almanac of Vitriolic Companions
 30253 | Shoals:4 | Found a hide-covered altar of Uskayaw.
 30310 | Shoals:4 | HP: 3/123 [something/ball of steam (21)]
 30573 | Shoals:4 | Reached XP level 17. HP: 129/129 MP: 17/17
 30977 | Shoals:4 | Got a barnacled rune of Zot
 31090 | Snake:1  | Entered Level 1 of the Snake Pit
 31714 | Snake:1  | Reached skill level 17 in Dodging
 32864 | Snake:2  | Noticed Aizul
 32892 | Snake:2  | Killed Aizul
 33455 | Snake:3  | Received a gift from Trog
 34731 | Snake:3  | Found Fuenoruk's Gadget Shop.
 34732 | Snake:3  | Found Utecob's Jewellery Shoppe.
 34732 | Snake:3  | Found Diuruuts's Jewellery Shoppe.
 34738 | Snake:3  | Bought the ring "Lunah" {Str+5 Stlth+} for 630 gold pieces
 34738 | Snake:3  | Bought the ring "Qif Koy" {*Corrode rElec Will+ Int+3
                  | Dex+2} for 790 gold pieces
 34832 | Snake:4  | Entered Level 4 of the Snake Pit
 34968 | Snake:4  | Found Aqujaw's Book Shoppe.
 35513 | Snake:4  | Received a gift from Trog
 35715 | Snake:4  | Noticed Vashnia
 35739 | Snake:4  | Reached XP level 18. HP: 81/139 MP: 7/18
 35757 | Snake:4  | Killed Vashnia
 35791 | Snake:4  | HP: 5/140 [naga warrior/+0 long sword (16)]
 35796 | Snake:4  | HP: 7/140 [poisoned by a naga ritualist (toxic radiance)]
 36134 | Snake:4  | Received a gift from Trog
 36135 | Snake:4  | Reached skill level 18 in Dodging
 36481 | Snake:4  | Got a serpentine rune of Zot
 36923 | Depths:1 | Entered Level 1 of the Depths
 36958 | Depths:1 | Found a gateway to Hell.
 36958 | Depths:1 | Noticed Margery
 37019 | D:15     | Killed Margery
 37642 | Depths:1 | Found a one-way gate to the infinite horrors of the Abyss.
 37805 | Depths:1 | Received a gift from Trog
 38268 | Depths:2 | Identified 2 scrolls of acquirement
 38275 | Depths:2 | Acquired a manual of Shields
 38293 | Depths:2 | Found a runed translucent gate.
 38293 | Depths:2 | Noticed Jagh's ghost (adept PaDe)
 38294 | Depths:2 | Found a runed translucent gate.
 38298 | Depths:2 | Found a runed translucent gate.
 38364 | Depths:2 | Noticed a Brimstone Fiend
 38518 | Depths:2 | Found a runed translucent gate.
 38518 | Depths:2 | Found a runed translucent gate.
 38518 | Depths:2 | Found a runed translucent gate.
 38591 | Depths:2 | Found a gateway to a bazaar.
 39010 | Depths:2 | Reached XP level 19. HP: 147/147 MP: 12/19
 39064 | Depths:2 | Acquired a manual of Fighting
 39111 | Depths:2 | Reached skill level 5 in Shields
 39148 | Depths:2 | Reached skill level 15 in Armour
 39384 | Depths:2 | Received a gift from Trog
 40335 | Depths:3 | Reached skill level 19 in Dodging
 40505 | Depths:3 | Found a gateway to a ziggurat.
 41467 | Depths:3 | Found a one-way gate leading to the halls of Pandemonium.
 41663 | Depths:3 | Received a gift from Trog
 42676 | Depths:3 | Noticed a golden dragon
 42687 | Depths:3 | Killed a golden dragon
 42688 | Depths:3 | Reached XP level 20. HP: 49/158 MP: 8/20
 42691 | Depths:3 | HP: 7/158 [frost giant/bolt of cold (13)]
 42698 | Depths:3 | Noticed a caustic shrike
 42698 | Depths:3 | Noticed a caustic shrike
 42698 | Depths:3 | Noticed a caustic shrike
 42700 | Depths:3 | HP: 2/158 [caustic shrike (10)]
 42700 | Depths:3 | Splashed by a caustic shrike's acid

Illustrated notes

Levels and vault maps discovered:
D:1:      amcnicky_arrival_feature_with_door, layout_basic, serial_corexii_hall,
          corexii_hall_statues_u, corexii_hall_statues_l,
          chequers_hall_statues_corner_a, corexii_hall_statues_x
D:2:      layout_loops_ring, old_standard_altar,
          chequers_ecumenical_altar_simple_redux
D:3:      layout_loops_ring, uniq_terence
D:4:      minmay_recursive_quarters, layout_layer_cave
D:5:      layout_basic, roderic_roman_lattice
D:6:      layout_loops_cross, minmay_temple_entry_glass, uniq_prince_ribbit1
D:7:      layout_rooms
D:8:      layout_layer_cave, ploomutoo_gammafunk_ghost_potion_laboratory,
          tgw_xom
D:9:      layout_basic, trog_butcher_becter
D:10:     layout_rooms, lair_entry_dummy, orc_0_dummy, basic_altar,
          fedhas_altar_1, uniq_erica, uniq_grum
D:11:     minmay_the_grid_4x2 [minmay_the_grid_fan,
          minmay_the_grid_aliased_spiral, minmay_the_grid_spikes,
          minmay_the_grid_tree, minmay_the_grid_gridbox,
          minmay_the_grid_spin_star, minmay_the_grid_zigzag_pyramid,
          minmay_the_grid_prize_four_corners_diamond_a], layout_stronghold,
          serial_shops, shop, minmay_misc_feat_plants
D:12:     layout_roguey
D:13:     layout_basic, erik_vaults_1, kennysheep_dice
D:14:     layout_loops_ring, nicolae_wwwww, nicolae_blasting_shop
D:15:     hangedman_depths_entry_try_elsewhere_first, layout_irregular_city,
          serial_column_ruins, column_ruins_hut_ruined,
          column_ruins_circle_medium, column_ruins_grid_4,
          column_ruins_columns_dead_end, column_ruins_columns_dead_end,
          column_ruins_columns_corner, column_ruins_columns_corner, basic_altar,
          grunt_decor_junction, hangedman_abyss_or_decor_stagger,
          item_on_display_a, uniq_josephine, uniq_agnes
Temple:   roderic_octagonal_lattice_temple
Lair:1:   layout_cave_shapes, enter_volcano_2, roderic_batcave,
          cheibrodos_lair_lostbears
Lair:2:   layout_big_grid, serial_bayou_shore_b
Lair:3:   beast_lair_carwin_large_1, layout_hall_layers, serial_bayou_shore_b,
          grunt_megastairs_3, serial_bayou_shore_b, uniq_urug
Lair:4:   layout_cave_shapes, shoals_dummy_entry, guppyfry_snake_entry_garden,
          serial_bayou_shore_b
Lair:5:   layout_roguey, gammafunk_ghost_hydra_chop,
          chequers_serial_rivers_large_a, infiniplex_staircase_pool,
          serial_bayou_shore_b, minmay_lair_oklob_chamber
Lair:6:   gammafunk_lair_ancient_temple, layout_cave_pods,
          minmay_slime_entry_oklob_enclosed, st_stairs_6, grunt_megastairs_1,
          lemuel_fruit_tree
Shoals:1: layout_shoals, yaktaur_hedge
Shoals:2: layout_shoals, serial_shops, nicolae_shop_statue_plus,
          nicolae_shoals_drake_roost
Shoals:3: layout_shoals, dpeg_stationary_puzzle
Shoals:4: shoals_end_simple, layout_shoals, lemuel_altar_in_water
Snake:1:  layout_grid_maze, nicolae_snake_serpentine_hallways
Snake:2:  layout_grid_maze, drop_trap, uniq_aizul
Snake:3:  layout_layer_cave, serial_bayou_shore_b, minmay_shop_grove,
          grunt_megastairs_5
Snake:4:  snake_pit, layout_basic, serial_shops, nicolae_shop_behind_doors,
          serial_bayou_pond_e, uniq_vashnia
Orc:1:    layout_caves, serial_shops, shop_statue, basic_altar, uniq_gastronok,
          uniq_fannar, uniq_harold
Orc:2:    st_orc_ogre_mass, layout_diamond_mine, serial_shops,
          nicolae_shop_waterfront
Depths:1: layout_gridville, abyss_entry, grunt_metal_band,
          kennysheep_crisscross, minmay_strange_pillars, minmay_microvault
Depths:2: minmay_octo_star, layout_gridlike, biasface_ghost_demon_polymorph,
          pf_vacation_house_of_asmodeus, serial_shops, freezing_bzr,
          grunt_decor_fettered, pandoras_box_mu
Depths:3: grunt_bent_corner, layout_cave_shapes, enter_ziggurat_b, hellmouth_1,
          abyss_entry, rand_demon_pan_entry_4, minmay_fountain_box,
          serial_column_ruins, column_ruins_hut, column_ruins_hut,
          column_ruins_open_medium, column_ruins_open_small,
          column_ruins_open_small, column_ruins_grid_1,
          infiniplex_staircase_trident, serial_bayou_shore_b, firewood_loft,
          serial_bayou_shore_b, serial_bayou_shore_a

Skill      XL: |  1  2  3  4  5  6  7  8  9 10 11 12 13 14 15 16 17 18 19 |
---------------+----------------------------------------------------------+-----
Fighting       | 3 4 6 8 9 10 11 12 13 | 13.9
Armour         | 2 3 4 5 6 7 8 9 10 11 12 13 14 15 | 15.0
Stealth        | 1 2 4 5 7 10 11 12 | 12.0
Dodging        | 3 4 5 6 8 9 11 12 13 14 15 16 17 18 19 | 19.4
Long Blades    | 4 5 6 7 9 10 11 12 13 14 15 16 17 18 | 18.4
Shields        | 4 9 |  9.5
Evocations     | 5 |  5.0

Action                   |  1- 3 |  4- 6 |  7- 9 | 10-12 | 13-15 | 16-18 | 19-21 || total
-------------------------+-------+-------+-------+-------+-------+-------+-------++-------
Melee: Falchion          |     9 |    95 |   355 |       |       |       |       ||   459
       Short sword       |    88 |    15 |       |       |       |       |       ||   103
       Bite              |    14 |    19 |    57 |   114 |   345 |   406 |   136 ||  1091
       Long sword        |       |       |    32 |   363 |       |       |       ||   395
       Scimitar          |       |       |       |   226 |  1482 |  1144 |       ||  2852
       Double sword      |       |       |       |       |       |   523 |       ||   523
       Demon blade       |       |       |       |       |       |   290 |   603 ||   893
Invok: Berserk           |       |     4 |     4 |     5 |    17 |    12 |     1 ||    43
       Trog's Hand       |       |       |       |     1 |     1 |     5 |     5 ||    12
       Brothers in Arms  |       |       |       |       |     2 |       |       ||     2
Evoke: Wand              |       |       |       |     1 |     5 |    19 |     1 ||    26
       Tin of tremorston |       |       |       |       |       |     5 |       ||     5
  Use: Scroll            |     2 |     2 |    12 |    11 |    18 |    20 |    11 ||    76
       Potion            |       |       |       |     5 |     1 |     5 |     2 ||    13
 Stab: Sleeping          |     2 |       |     6 |    13 |    11 |    19 |     7 ||    58
       Distracted        |       |       |       |     2 |     3 |     6 |       ||    11
Armor: Animal skin       |    12 |       |       |       |       |       |       ||    12
       Leather armour    |    13 |     2 |       |       |       |       |       ||    15
       Scale mail        |       |    38 |    64 |   137 |   205 |    57 |       ||   501
       Chain mail        |       |       |   103 |       |   132 |   343 |   113 ||   691
Dodge: Dodged            |    66 |    62 |   242 |   331 |  1169 |  1067 |   249 ||  3186
Block: Buckler           |       |       |       |   266 |   871 |  1625 |   440 ||  3202
       Rpst.: Falchion   |     3 |    27 |    72 |       |       |       |       ||   102
       Long sword        |       |       |     7 |    49 |       |       |       ||    56
       Scimitar          |       |       |       |    41 |   258 |   115 |       ||   414
       Double sword      |       |       |       |       |       |    31 |       ||    31
       Demon blade       |       |       |       |       |       |    25 |    46 ||    71

Table legend: (Time is in decaauts)
 A = Elapsed time spent in this place.
 B = Non-inter-level travel time spent in this place.
 C = Inter-level travel time spent in this place.
 D = Time resting spent in this place.
 E = Time spent auto-exploring this place.
 F = Levels seen in this place.
 G = Mean time per level.
                   A        B        C        D        E       F      G
               +--------+--------+--------+--------+--------+-----+--------+
         Total |  42148 |  40349 |   1799 |  10972 |  19682 |  36 | 1170.8 |
       Dungeon |  16225 |  15336 |    889 |   3356 |   8692 |  15 | 1081.7 |
        Temple |    229 |    210 |     19 |      0 |    209 |   1 |  229.0 |
          Lair |   7684 |   7214 |    470 |   2084 |   3714 |   6 | 1280.7 |
        Shoals |   4493 |   4409 |     84 |   1459 |   1150 |   4 | 1123.2 |
     Snake Pit |   5469 |   5250 |    219 |   1029 |   3094 |   4 | 1367.2 |
  Orcish Mines |   2599 |   2507 |     92 |   1299 |    697 |   2 | 1299.5 |
        Depths |   4917 |   4894 |     23 |   1550 |   2108 |   3 | 1639.0 |
       Volcano |    528 |    528 |      0 |    194 |     16 |   1 |  528.0 |
               +--------+--------+--------+--------+--------+-----+--------+

Top non-repeatable levels by time:
Depths:3: 2293 daAuts
  Lair:5: 2259 daAuts
    D:15: 2213 daAuts
  Lair:6: 2041 daAuts
Depths:2: 1861 daAuts
 Snake:4: 1708 daAuts
 Snake:3: 1695 daAuts
     D:4: 1485 daAuts
   Orc:1: 1416 daAuts
    D:11: 1357 daAuts
Shoals:4: 1347 daAuts
     D:8: 1251 daAuts
    D:12: 1199 daAuts
   Orc:2: 1183 daAuts
Shoals:3: 1140 daAuts
